[Event "Team 45 45 League T40"]
[Site "Internet Chess Club"]
[Date "2009.02.17"]
[Round "3"]
[White "Brechstange"]
[Black "BRAINWAVE"]
[Result "1-0"]
[WhiteElo "1901"]
[BlackElo "1795"]
[Opening "Sicilian: closed"]
[ECO "B23"]
[Time "12:48:09"]
[TimeControl "2700+45"]

1. e4 c5 2. Nc3 e5 3. f4 d6 4. fxe5 dxe5 5. Nf3 Bd6 6. Bb5+ Nc6 7. Bxc6+ bxc6 8.
O-O Be6 9. d3 h6 10. Qe1 Ne7 11. b3 g5 12. Qf2 Ng6 13. Ne2 g4 14. Nd2 h5 15. Nc4
Bxc4 16. bxc4 O-O 17. Qf5 Kg7 18. Qxh5 Qh4 19. Qxh4 Nxh4 20. Bg5 Ng6 21. Ng3 Bc7
22. Nh5+ Kh7 23. Nf6+ Kg7 24. Nxg4 Nf4 25. Bh6+ Kg6 26. Bxf8 Rxf8 27. Rf2 Kg5
28. Ne3 Ba5 29. Raf1 Bc3 30. Nf5 Rb8 31. Kh1 Ne6 32. Nd6 Nf4 33. Nxf7+ Kg6 34.
g3 Nh3 35. Rf6+ Kg7 36. Kg2 Rh8 37. Nxh8 Ng5 38. Rg6+ Kxh8 39. Rxg5 Bd2 40. Rg4
a5 41. Rf5 Kh7 42. Rxe5 a4 43. Rxc5 a3 44. Rxc6 Be3 45. e5 Bh6 46. Rc7+ Kh8 47.
Rh4 Kg8 48. Rxh6 Kf8 49. Ra6 Ke8 50. Ra8# {Black checkmated} 1-0

[Event "Team 45 45 League T40"]
[Site "Internet Chess Club"]
[Date "2009.02.14"]
[Round "3"]
[White "dougmo"]
[Black "Manch"]
[Result "1/2-1/2"]
[WhiteElo "1523"]
[BlackElo "1513"]
[Opening "Scotch gambit: Dubois-Réti defense"]
[ECO "C55"]
[Time "07:00:07"]
[TimeControl "2700+45"]

1. e4 e5 2. Nf3 Nc6 3. d4 exd4 4. Bc4 Nf6 5. e5 Ng4 6. Qe2 Be7 7. h3 Nh6 8. Bxh6
gxh6 9. c3 dxc3 10. Nxc3 d6 11. Rd1 Be6 12. exd6 Bxd6 13. Bxe6 fxe6 14. Qxe6+
Qe7 15. Qxe7+ Nxe7 16. O-O O-O-O 17. Rfe1 Nc6 18. a3 Rhe8 19. Rxe8 Rxe8 20. Re1
Rxe1+ 21. Nxe1 Bf4 22. Kf1 Ne5 23. g3 Bc1 24. Nd1 c5 25. Ke2 c4 26. f4 Nf7 27.
Nc2 b5 28. Nd4 a6 29. Ne6 Kb7 30. Nf8 Kb6 31. Nxh7 Ka5 32. Nf6 Ka4 33. Ne4 a5
34. Nec3+ Kb3 35. Nxb5 Bxb2 36. Nxb2 Kxb2 37. Kd2 Nd6 38. Nxd6 c3+ 39. Kd3 c2
40. Nc4+ Kb1 41. Nd2+ Kb2 42. Nc4+ Kb1 43. Nd2+ Kb2 44. Nc4+ Kb1 45. Nd2+ Kb2
46. Nc4+ {Game drawn by repetition} 1/2-1/2

[Event "Team 45 45 League T40"]
[Site "Internet Chess Club"]
[Date "2009.02.15"]
[Round "3"]
[White "Shazaam"]
[Black "EyeAm"]
[Result "1-0"]
[WhiteElo "1472"]
[BlackElo "1470"]
[Opening "Dutch"]
[ECO "A80"]
[Time "18:00:49"]
[TimeControl "2700+45"]

1. d4 f5 2. e3 Nf6 3. Bd3 e6 4. Nd2 d5 5. c3 c5 6. f4 c4 7. Bc2 b5 8. Ngf3 Bd6
9. O-O O-O 10. Ne5 Nbd7 11. g4 Nxe5 12. fxe5 Nxg4 13. Nf3 Bc7 14. e4 dxe4 15.
Ng5 Qe8 16. h3 Nh6 17. b3 Nf7 18. Qh5 Nxg5 19. Qxg5 Bd8 20. Qg3 Qg6 21. Qxg6
hxg6 22. bxc4 bxc4 23. Ba3 Rf7 24. Rab1 Bb6 25. Bd6 Ba5 26. Bb4 Bxb4 27. cxb4
Rb8 28. a4 Rfb7 29. b5 a6 30. bxa6 Rxb1 31. Rxb1 Rxb1+ 32. Bxb1 Bxa6 33. Kf2 Kf7
34. h4 f4 35. Bxe4 c3 36. Kf3 Bf1 37. Kxf4 Be2 38. Ke3 Bd1 39. a5 c2 40. Kd2
{Black forfeits on time} 1-0

[Event "Team 45 45 League T40"]
[Site "Internet Chess Club"]
[Date "2009.02.14"]
[Round "3"]
[White "guyd52"]
[Black "cobra2008"]
[Result "1/2-1/2"]
[WhiteElo "1344"]
[BlackElo "1413"]
[Opening "Réti: King's Indian attack (Barcza system)"]
[ECO "A07"]
[Time "18:00:57"]
[TimeControl "2700+45"]

1. Nf3 d5 2. g3 Nf6 3. Bg2 c6 4. O-O Bf5 5. d3 e6 6. Nbd2 Be7 7. Re1 h6 8. e4
Bh7 9. e5 Nfd7 10. d4 a5 11. a4 Na6 12. c3 Rc8 13. Nb3 b6 14. Be3 O-O 15. Rc1 c5
16. Bf1 c4 17. Nbd2 Ndb8 18. Ra1 Qd7 19. b3 cxb3 20. Qxb3 Qb7 21. Bb5 Bf5 22.
Rac1 Bh3 23. Kh1 Nc7 24. Ng1 Bf5 25. Kg2 Nxb5 26. axb5 Qd7 27. Ngf3 Qd8 28. h3
Re8 29. Nb1 Be4 30. Nd2 Bh7 31. Nb1 Nd7 32. Bd2 Be4 33. Re3 Bg5 34. Ree1 Bxf3+
35. Kxf3 Bxd2 36. Nxd2 f6 37. Kg2 f5 38. h4 Re7 39. f4 Qe8 40. Qd1 h5 41. Nf3
Nf8 42. Qd3 g6 43. Ra1 Rec7 44. Rec1 {Game drawn by mutual agreement} 1/2-1/2

[Event "Team 45 45 League T40"]
[Site "Internet Chess Club"]
[Date "2009.02.14"]
[Round "3"]
[White "Check101"]
[Black "wekabird"]
[Result "0-1"]
[WhiteElo "1273"]
[BlackElo "1243"]
[Opening "Caro-Kann: advance variation"]
[ECO "B12"]
[Time "19:01:26"]
[TimeControl "2700+45"]

1. e4 c6 2. d4 d5 3. e5 Bf5 4. Nf3 h6 5. c4 e6 6. c5 Ne7 7. Nh4 Bxb1 8. Rxb1
Qa5+ 9. Bd2 Qd8 10. Bd3 g5 11. Nf3 Rg8 12. O-O Ng6 13. h3 Qe7 14. b4 Nf4 15.
Bxf4 gxf4 16. Qb3 Nd7 17. b5 Qd8 18. bxc6 bxc6 19. Qa4 Qc7 20. Nd2 f6 21. Ba6
Rb8 22. Rxb8+ Nxb8 23. exf6 Nxa6 24. Qxa6 Kf7 25. Rb1 Kxf6 26. Rb7 Qg7 27. Rxg7
Rxg7 28. Qxc6 Kf5 29. Qe8 Be7 30. Qh5+ Bg5 31. g4+ fxg3 32. Qg4+ Kf6 33. Nf3
gxf2+ 34. Kxf2 Be3+ 35. Kxe3 Rxg4 36. Ne5 Re4+ 37. Kf3 Rxd4 38. Ng4+ Kg5 39. c6
h5 40. Ne5 Kf5 41. Nf7 Rd3+ 42. Ke2 Rc3 43. Nd8 Ke5 44. Kd2 d4 45. Nf7+ Kd5
{White resigns} 0-1

[Event "Team 45 45 League T40"]
[Site "Internet Chess Club"]
[Date "2009.02.16"]
[Round "3"]
[White "manzeer"]
[Black "SCUGrad"]
[Result "0-1"]
[WhiteElo "1588"]
[BlackElo "1435"]
[Opening "Scotch: Schmidt variation"]
[ECO "C45"]
[Time "06:04:27"]
[TimeControl "2700+45"]

1. e4 e5 2. Nf3 Nc6 3. d4 exd4 4. Nxd4 Nf6 5. Nc3 Bb4 6. Qd3 O-O 7. Bd2 Re8 8.
f3 d5 9. O-O-O Bxc3 10. Bxc3 dxe4 11. fxe4 Nxe4 12. Nxc6 Qxd3 13. Rxd3 bxc6 14.
Rg1 Ba6 15. Rf3 Nxc3 16. Rxc3 Re1+ 17. Kd2 Rxf1 18. Rxf1 Bxf1 19. g3 Bg2 20. Rb3
c5 21. Rb5 Rd8+ 22. Ke3 g6 23. Rxc5 Rd7 24. c4 f5 25. b4 Be4 26. a4 g5 27. a5
Re7 28. Kd4 h6 29. b5 f4 30. gxf4 gxf4 31. Rh5 Kh7 32. Rh4 f3 33. Rxe4 Rxe4+ 34.
Kxe4 f2 {White resigns} 0-1

[Event "Team 45 45 League T40"]
[Site "Internet Chess Club"]
[Date "2009.02.14"]
[Round "3"]
[White "havertown"]
[Black "whuffor"]
[Result "1/2-1/2"]
[WhiteElo "1421"]
[BlackElo "1409"]
[Opening "English: four knights, Nimzovich variation"]
[ECO "A20"]
[Time "08:59:31"]
[TimeControl "2700+45"]

1. c4 e5 2. e4 Nf6 3. Nc3 Nc6 4. Nf3 d6 5. d3 Bg4 6. Be2 Qd7 7. h3 Bxf3 8. Bxf3
Nd4 9. O-O c6 10. Be3 Be7 11. Ne2 Nxf3+ 12. gxf3 Qxh3 13. d4 Qxf3 14. Ng3 Qg4
15. dxe5 dxe5 16. Kg2 Qg6 17. Rh1 Nxe4 18. Qf3 Nxg3 19. fxg3 Qc2+ 20. Kh3 Qxc4
21. Rhf1 O-O 22. b3 Qd5 23. Qg4 b6 24. Bh6 Qe6 25. Qxe6 fxe6 26. Bd2 Rad8 27.
Bc3 Rd5 28. Rfe1 Rf5 29. Re4 Bf6 30. Rae1 Kf7 31. Bb2 Rf2 32. Bc3 Rxa2 33. Bxe5
Bxe5 34. Rxe5 Rxe5 35. Rxe5 Rb2 36. Re3 Kf6 37. Kg4 e5 38. Rc3 c5 39. Kf3 h5 40.
Ke4 g5 41. Rd3 Ke6 42. Rf3 h4 43. gxh4 gxh4 44. Rd3 a6 45. Rh3 b5 46. Rxh4 Rxb3
47. Rh6+ Ke7 48. Rxa6 c4 49. Kxe5 c3 50. Ra7+ Kd8 51. Kd6 Kc8 52. Kc6 Kb8 53.
Rh7 c2 54. Kb6 Kc8 55. Rc7+ Kd8 56. Rxc2 b4 57. Ka5 Rb1 58. Ka4 Kd7 59. Rc4 b3
60. Rb4 b2 61. Ka3 {Game drawn by mutual agreement} 1/2-1/2

[Event "Team 45 45 League T40"]
[Site "Internet Chess Club"]
[Date "2009.02.15"]
[Round "3"]
[White "slipkid"]
[Black "Kingangyal"]
[Result "1-0"]
[WhiteElo "1533"]
[BlackElo "1328"]
[Opening "Pirc: Austrian attack"]
[ECO "B09"]
[Time "10:59:18"]
[TimeControl "2700+45"]

1. e4 d6 2. d4 Nf6 3. Nc3 g6 4. f4 Bg7 5. Nf3 O-O 6. Be2 Na6 7. Be3 c6 8. Qd2 b5
9. a3 Nc7 10. O-O Ng4 11. Rad1 Nxe3 12. Qxe3 Ne8 13. e5 Qb6 14. Rd2 h6 15. Rfd1
Be6 16. Qf2 d5 17. Ne1 f6 18. Bf3 fxe5 19. fxe5 Bg4 20. Qg3 Bf5 21. Bg4 Kh7 22.
Bxf5 Rxf5 23. Rf2 Rxf2 24. Qxf2 e6 25. b4 Nc7 26. Nd3 Rf8 27. Qe3 Rf5 28. Rf1
Rxf1+ 29. Kxf1 Qb8 30. Nc5 Qf8+ 31. Kg1 Qf5 32. Qe2 h5 33. Nd1 Bh6 34. c3 h4 35.
Qf2 Qxf2+ 36. Nxf2 Bc1 37. a4 bxa4 38. Nxa4 Nb5 39. Nd1 Bd2 40. Kf2 Nxc3 41.
Ndxc3 Bxc3 42. Nxc3 a6 43. Kf3 g5 44. Kg4 Kg6 45. Na4 Kf7 46. Kxg5 {Black
resigns} 1-0

[Event "Team 45 45 League T40"]
[Site "Internet Chess Club"]
[Date "2009.02.12"]
[Round "3"]
[White "conron"]
[Black "The-Capitalist"]
[Result "1-0"]
[WhiteElo "1343"]
[BlackElo "1172"]
[Opening "Ruy Lopez: open (Tarrasch) defense"]
[ECO "C80"]
[Time "19:45:02"]
[TimeControl "2700+45"]

1. e4 e5 2. Nf3 Nc6 3. Bb5 a6 4. Ba4 Nf6 5. O-O Nxe4 6. Re1 d5 7. Nxe5 Bd7 8.
Nxd7 Qxd7 9. d3 b5 10. Bb3 Nd4 11. dxe4 Nxb3 12. exd5+ Be7 13. cxb3 O-O-O 14.
Bf4 Qxd5 15. Qxd5 Rxd5 16. Nc3 Rd7 17. Rad1 Bb4 18. Rxd7 Kxd7 19. Rd1+ Bd6 20.
Ne4 Re8 21. Nxd6 cxd6 22. Rxd6+ Kc7 23. Re6+ Kd7 24. Rxe8 Kxe8 25. Kf1 Ke7 26.
Ke2 Ke6 27. Ke3 f5 28. Kd4 Kd7 29. Kd5 a5 30. a3 b4 31. axb4 axb4 32. Bd6 g5 33.
Bxb4 h5 34. Bd2 g4 35. g3 Ke7 36. Ke5 Kd7 37. Kxf5 Kc6 38. b4 Kb5 39. Bc3 Kc4
40. Kg5 Kb5 41. Kxh5 {Black resigns} 1-0

[Event "Team 45 45 League T40"]
[Site "Internet Chess Club"]
[Date "2009.02.15"]
[Round "3"]
[White "Gwyddbwyll"]
[Black "alaskauk"]
[Result "1-0"]
[WhiteElo "1557"]
[BlackElo "1515"]
[Opening "Sicilian: Flohr variation"]
[ECO "B32"]
[Time "10:03:44"]
[TimeControl "2700+45"]

1. e4 c5 2. Ne2 Nc6 3. d4 cxd4 4. Nxd4 Qc7 5. Nc3 Nf6 6. Ndb5 Qa5 7. Bd2 Qd8 8.
Nd5 Nxd5 9. exd5 a6 10. Nc3 Ne5 11. f4 Ng6 12. Qe2 d6 13. O-O-O h5 14. Re1 Bf5
15. Qe3 Qc7 16. Bd3 Bxd3 17. Qxd3 O-O-O 18. Qf5+ Qd7 19. Qxf7 Nh4 20. Rhg1 Qf5
21. Qxf5+ Nxf5 22. Ne4 Rd7 23. Bc3 Rg8 24. h3 Nh4 25. Ng5 Nf5 26. g4 hxg4 27.
hxg4 Nh6 28. Ne6 Nf7 29. Re4 g6 30. Rh1 Nd8 31. Ba5 Nxe6 32. dxe6 Rc7 33. Bxc7
Kxc7 34. Rc4+ Kb8 35. a4 Bg7 36. Rh7 Bf8 37. Rf7 Rh8 38. g5 Rg8 39. f5 gxf5 40.
Rxf5 Bg7 41. Rf7 Bf8 42. g6 Bh6+ 43. Kb1 Bg7 44. Rxe7 Bf6 45. Rf7 Bd8 46. e7
{Black resigns} 1-0

[Event "Team 45 45 League T40"]
[Site "Internet Chess Club"]
[Date "2009.02.15"]
[Round "3"]
[White "medsurg"]
[Black "cazj"]
[Result "1-0"]
[WhiteElo "1450"]
[BlackElo "1362"]
[Opening "Réti: advance variation"]
[ECO "A09"]
[Time "20:00:17"]
[TimeControl "2700+45"]

1. Nf3 d5 2. c4 d4 3. d3 Nc6 4. g3 e5 5. Bg2 Be7 6. Nbd2 Bg4 7. a3 Qd7 8. h3
Bxh3 9. Bxh3 f5 10. e4 g6 11. Qe2 O-O-O 12. b4 Rf8 13. b5 Na5 14. Nxe5 Qe6 15.
f4 Nf6 16. Rb1 Nh5 17. Qf3 Bd6 18. Qg2 Bxe5 19. fxe5 Qxe5 20. Rg1 Kb8 21. Nf3
Qd6 22. e5 Re8 23. Bf4 Qxa3 24. Qc2 Qc5 25. Kf2 b6 26. Rge1 Nb7 27. Ra1 Na5 28.
Bg2 Ng7 29. Nd2 Ne6 30. Nb3 Nxb3 31. Qxb3 Kc8 32. Rxa7 g5 33. Ra8+ Kd7 34. Bc6+
Ke7 35. Rxe8+ Rxe8 36. Bxe8 Kxe8 37. Bd2 h5 38. Qd1 g4 39. Rh1 Ng7 40. Bf4 Ke7
41. Rh4 Kf7 42. Qe2 Ke6 43. Bh6 Ne8 44. Rxh5 Qxe5 45. Qxe5+ Kxe5 46. Bf4+ Ke6
47. Rh8 Kf7 48. Be5 Ke7 49. Bxd4 Kf7 50. Be5 Nd6 51. Ke3 Ke6 52. Bxd6 Kxd6 53.
d4 Ke6 54. Kf4 Kf6 55. Rc8 {Black resigns} 1-0

[Event "Team 45 45 League T40"]
[Site "Internet Chess Club"]
[Date "2009.02.15"]
[Round "3"]
[White "mmb"]
[Black "CoasterBrake"]
[Result "1-0"]
[WhiteElo "1314"]
[BlackElo "1214"]
[Opening "Caro-Kann: exchange variation"]
[ECO "B13"]
[Time "16:00:13"]
[TimeControl "2700+45"]

1. e4 c6 2. d4 d5 3. exd5 cxd5 4. Nf3 Nc6 5. Bb5 Bd7 6. Nc3 Nf6 7. Bg5 a6 8.
Bxf6 gxf6 9. Bxc6 Bxc6 10. O-O Qb6 11. b3 e6 12. Re1 Bb4 13. Re3 Bxc3 14. Rxc3
Qc7 15. Qd3 O-O-O 16. a4 Qf4 17. b4 Qe4 18. b5 Kc7 19. bxc6 Qxd3 20. Rxd3 bxc6
21. g3 Rhe8 22. Rb3 e5 23. dxe5 fxe5 24. Rab1 f6 25. Rb7+ Kd6 26. Rxh7 Rb8 27.
Rhb7 Rxb7 28. Rxb7 Rg8 29. Rh7 Rg4 30. Rh4 Rg8 31. h3 Rb8 32. Kg2 Rb2 33. Ne1
Rb1 34. Kf1 d4 35. Rh6 Ke6 36. g4 Kf7 37. g5 fxg5 38. Rxc6 e4 39. Rxa6 d3 40.
cxd3 exd3 41. Rd6 Rd1 42. Rxd3 Rxd3 43. Nxd3 {Black resigns} 1-0

[Event "Team 45 45 League T40"]
[Site "Internet Chess Club"]
[Date "2009.02.15"]
[Round "3"]
[White "otib2006"]
[Black "rayspokemon"]
[Result "0-1"]
[WhiteElo "1290"]
[BlackElo "1260"]
[Opening "Ruy Lopez: Graz variation"]
[ECO "C70"]
[Time "09:00:22"]
[TimeControl "2700+45"]

1. e4 e5 2. Nf3 Nc6 3. Bb5 a6 4. Ba4 b5 5. Bb3 Bc5 6. O-O Nf6 7. c3 O-O 8. h3 d6
9. d4 Bb6 10. Bg5 h6 11. Bh4 g5 12. Bg3 Nxe4 13. dxe5 Nxg3 14. Kh2 Nf5 15. c4
bxc4 16. Bxc4 Nxe5 17. Nc3 Nxc4 18. Nd5 c6 19. Nxb6 Qxb6 20. b3 Ne5 21. g4 Nxf3+
22. Kg2 N3h4+ 23. Kh2 Nd4 24. Qd3 Ndf3+ 25. Kg3 d5 26. Rac1 Qc7# {White
checkmated} 0-1

[Event "Team 45 45 League T40"]
[Site "Internet Chess Club"]
[Date "2009.02.15"]
[Round "3"]
[White "chesskix"]
[Black "john-beebs"]
[Result "0-1"]
[WhiteElo "1534"]
[BlackElo "1453"]
[Opening "English: four knights, Nimzovich variation"]
[ECO "A28"]
[Time "13:01:03"]
[TimeControl "2700+45"]

1. Nf3 Nf6 2. c4 Nc6 3. Nc3 e5 4. e4 Bc5 5. Be2 O-O 6. O-O d6 7. d3 h6 8. a3 Nd4
9. Nxd4 Bxd4 10. Nb5 Bb6 11. b4 c6 12. Nc3 Bd4 13. Bd2 c5 14. bxc5 dxc5 15. Rb1
a6 16. a4 b6 17. Bf3 Bb7 18. Ne2 Bc6 19. Nxd4 cxd4 20. Qc2 Rb8 21. Bd1 Nd7 22.
Qa2 a5 23. Bc2 Nc5 24. f4 Qd7 25. fxe5 Bxa4 26. Bxa4 Nxa4 27. Qa3 Nc5 28. Bf4
Ne6 29. Bg3 Rb7 30. Rf2 Ra8 31. Rbf1 Qc6 32. Bh4 Nc5 33. Bf6 Qa4 34. Qxa4 Nxa4
35. Bxg7 Kxg7 36. Rf6 Nc5 37. R1f3 a4 38. Rg3+ Kh7 39. Rh3 Nd7 40. Rfxh6+ Kg7
41. Rh7+ Kg6 42. R3h6+ Kg5 43. h4+ Kf4 44. Rxf7+ Ke3 45. Rf3+ Kd2 46. e6 Ne5 47.
Rg3 a3 48. Rf6 a2 49. Rf2+ Kc3 50. Rf5 a1=Q+ 51. Kh2 Rh8 52. Rxe5 Rxh4+ 53. Rh3
Rxh3+ 54. Kxh3 Qh1+ 55. Kg3 Rg7+ 56. Kf4 Qf1# {White checkmated} 0-1

[Event "Team 45 45 League T40"]
[Site "Internet Chess Club"]
[Date "2009.02.12"]
[Round "3"]
[White "fuzzface"]
[Black "Skylab"]
[Result "1-0"]
[WhiteElo "1337"]
[BlackElo "1270"]
[Opening "Hungarian defense"]
[ECO "C50"]
[Time "13:45:59"]
[TimeControl "2700+45"]

1. e4 e5 2. Nf3 Nc6 3. Bc4 Be7 4. d3 d6 5. O-O Bg4 6. Re1 Nd4 7. Nbd2 Nf6 8. c3
Nxf3+ 9. Nxf3 O-O 10. h3 Bxf3 11. Qxf3 c6 12. Bg5 d5 13. Bxf6 Bxf6 14. exd5 cxd5
15. Bxd5 Qb6 16. b3 e4 17. Bxe4 Bxc3 18. Bxb7 Rab8 19. Be4 Bxa1 20. Rxa1 Qd6 21.
Bd5 Rbd8 22. Bc4 Qe5 23. Rd1 Qc3 24. a4 Rde8 25. Kh2 Re1 26. g3 Rxd1 27. Qxd1
Re8 28. Qf3 Rf8 29. Qb7 Qd2 30. Kg2 a5 31. Qd5 Qe1 32. Qd7 Qb4 33. d4 Qd2 34. d5
Qg5 35. d6 Qf6 36. Qb5 Qxd6 37. Qxa5 Rd8 38. Qf5 Rf8 39. a5 g6 40. Qe4 Kg7 41.
a6 f5 42. Qb7+ Kh6 43. a7 f4 44. a8=Q f3+ 45. Qxf3 Rxf3 46. Qxf3 {Black resigns}
1-0

[Event "Team 45 45 League T40"]
[Site "Internet Chess Club"]
[Date "2009.02.13"]
[Round "3"]
[White "Skyler"]
[Black "jschneigi"]
[Result "1-0"]
[WhiteElo "1442"]
[BlackElo "1241"]
[Opening "Queen's pawn, Mason variation"]
[ECO "D00"]
[Time "20:44:05"]
[TimeControl "2700+45"]

1. d4 d5 2. Bf4 Nc6 3. e3 Bf5 4. c3 a6 5. a4 e6 6. Qb3 Na5 7. Qa2 Bd6 8. Bg3
Bxg3 9. hxg3 Nf6 10. b4 Nc6 11. Nd2 Ne4 12. Nxe4 Bxe4 13. Nf3 f6 14. Qb3 O-O 15.
c4 Qd6 16. c5 Qd7 17. b5 Na5 18. Qb4 axb5 19. Bxb5 c6 20. Be2 Bxf3 21. gxf3 Rfb8
22. O-O Nc4 23. Bxc4 dxc4 24. Qxc4 b6 25. cxb6 Rxb6 26. Rfb1 Rxb1+ 27. Rxb1 Qd5
28. Qc2 Qxf3 29. Rc1 Rc8 30. a5 Qd5 31. Qa4 Qb5 32. Qxb5 {Black resigns} 1-0

[Event "Team 45 45 League T40"]
[Site "Internet Chess Club"]
[Date "2009.02.15"]
[Round "3"]
[White "MateIn42"]
[Black "arconia"]
[Result "1-0"]
[WhiteElo "1435"]
[BlackElo "1412"]
[Opening "Sicilian defense"]
[ECO "B44"]
[Time "20:00:12"]
[TimeControl "2700+45"]

1. e4 c5 2. Nf3 Nc6 3. d4 cxd4 4. Nxd4 e6 5. Be3 d6 6. Nc3 Be7 7. Be2 Nf6 8. Qd2
O-O 9. O-O-O a6 10. h4 d5 11. e5 Nd7 12. Nxc6 bxc6 13. h5 Qa5 14. Kb1 Rb8 15.
Nxd5 Qxd5 16. Qc3 Qxe5 17. Bd4 Qxe2 18. Bxg7 Qb5 19. b3 c5 20. Qg3 Bg5 21. Qxg5
c4 22. Be5# {Black checkmated} 1-0

[Event "Team 45 45 League T40"]
[Site "Internet Chess Club"]
[Date "2009.02.16"]
[Round "3"]
[White "fuzzface"]
[Black "mumu"]
[Result "0-1"]
[WhiteElo "1317"]
[BlackElo "1273"]
[Opening "Giuoco Piano"]
[ECO "C50"]
[Time "15:15:17"]
[TimeControl "2700+45"]

1. e4 e5 2. Nf3 Nc6 3. Bc4 Bc5 4. Qe2 Nf6 5. d3 d6 6. Bg5 Bg4 7. h3 Bh5 8. O-O
Nd4 9. Qd1 Nxf3+ 10. gxf3 h6 11. Bh4 Bd4 12. c3 Bb6 13. Nd2 Qd7 14. Kh2 O-O-O
15. Rg1 g5 16. Bg3 Bg6 17. a4 a6 18. a5 Ba7 19. b4 h5 20. Qb3 h4 21. Bxh4 Rxh4
22. Rg3 Bxf2 23. Be6 fxe6 24. Rg2 Ba7 25. Rxg5 Bf7 26. Kg2 Rdh8 27. Rh1 Qe8 28.
Nf1 Rg8 29. Rg3 Nh5 30. Rg4 Nf4+ 31. Kh2 Rhxg4 32. fxg4 Qc6 33. c4 d5 34. Nd2
Rh8 35. Kg3 Ne2+ 36. Kg2 Nd4 37. Qb1 dxc4 38. Nxc4 Qb5 39. Qf1 Be8 40. Qf6 Rg8
41. Rc1 Qxb4 42. Qxe5 Bb5 43. Nd6+ Kb8 44. Rf1 cxd6 45. Qf6 Bxd3 46. Qe7 Bxe4+
47. Kg3 Qc3+ 48. Kh4 Nf3+ 49. Rxf3 Bxf3 50. Qxd6+ Qc7 51. Qxe6 Qh7+ 52. Kg3 Bc6
53. Qd6+ Qc7 54. Qxc7+ Kxc7 {White resigns} 0-1

[Event "Team 45 45 League T40"]
[Site "Internet Chess Club"]
[Date "2009.02.12"]
[Round "3"]
[White "taichichen"]
[Black "Newcastler"]
[Result "1-0"]
[WhiteElo "1149"]
[BlackElo "1253"]
[Opening "Sicilian: closed, 2...Nc6"]
[ECO "B23"]
[Time "20:00:51"]
[TimeControl "2700+45"]

1. e4 c5 2. Nc3 Nc6 3. Nf3 a6 4. b3 e6 5. Bb2 Qc7 6. Na4 Nf6 7. Nxc5 Bxc5 8. d4
Be7 9. d5 exd5 10. exd5 Qa5+ 11. Ke2 Qxd5 12. Qxd5 Nxd5 13. Bxg7 Rg8 14. Bh6 Rg6
15. Bd2 Bb4 16. c3 Bxc3 17. Bxc3 Nxc3+ 18. Kd3 Nd5 19. Nh4 Rf6 20. Re1+ Re6 21.
Be2 Nf4+ 22. Kd2 b5 23. Nf5 Nh5 24. Bxh5 Kf8 25. Bf3 Bb7 26. Kc3 Rc8 27. Kb2 Rc7
28. Rc1 Rf6 29. Nd4 Rd6 30. Rhd1 Ke8 31. Nxb5 Rxd1 32. Nxc7+ Kd8 33. Rxd1 Kxc7
34. Bxc6 Bxc6 35. Rc1 Kd8 36. g3 Ke8 37. f4 Kf8 38. Re1 Kg7 39. g4 Kg6 40. h4 f5
41. h5+ Kh6 42. gxf5 Kg7 43. Re7+ Kf6 44. Rxh7 Kxf5 45. Rg7 Kxf4 46. h6 Be4 47.
Re7 d5 48. Rxe4+ dxe4 49. h7 Ke3 50. h8=Q Kd3 51. Qc3+ Ke2 52. Kc2 e3 53. Qf6 a5
54. Qf4 {Black resigns} 1-0

[Event "Team 45 45 League T40"]
[Site "Internet Chess Club"]
[Date "2009.02.16"]
[Round "3"]
[White "Graybeard"]
[Black "baseball613"]
[Result "0-1"]
[WhiteElo "1148"]
[BlackElo "1141"]
[Opening "Caro-Kann: exchange, Rubinstein variation"]
[ECO "B13"]
[Time "09:02:38"]
[TimeControl "2700+45"]

1. e4 c6 2. d4 d5 3. exd5 cxd5 4. Bd3 Nc6 5. c3 Nf6 6. Bf4 Bg4 7. Qb3 Qb6 8.
Qxb6 axb6 9. h3 Bh5 10. g4 Bg6 11. Bxg6 hxg6 12. Nd2 e6 13. Ngf3 Kd7 14. Ke2 Bd6
15. Bxd6 Kxd6 16. b3 Ra6 17. a4 Rha8 18. Ng5 Ke7 19. Ndf3 b5 20. axb5 Rxa1 21.
Rxa1 Rxa1 22. bxc6 bxc6 23. Ne5 Ne4 24. Nxc6+ Kd6 25. Nb4 Nxg5 26. h4 Ne4 27. c4
dxc4 28. bxc4 e5 29. Ke3 Nf6 30. c5+ Kd7 31. dxe5 Nxg4+ 32. Kd4 Nxf2 33. c6+ Kc7
34. Kc5 Ne4+ 35. Kd5 Nc3+ 36. Kc5 Rh1 37. Na6+ Kc8 38. Kd6 Rxh4 39. Ke7 g5 40.
Kxf7 g4 41. e6 Nd5 42. Nc5 Kc7 43. e7 Nxe7 44. Kxe7 Kxc6 45. Ne6 g3 46. Ng5 g2
47. Nf3 Rh3 48. Ng1 Rh1 49. Nf3 g1=Q 50. Nxg1 Rxg1 51. Kf7 g5 52. Kg6 g4 53. Kg5
g3 54. Kg4 g2 55. Kg3 Kc5 56. Kf2 Ra1 57. Kxg2 Ra3 58. Kf2 Kc4 59. Ke2 Kd4 60.
Kf2 Ke4 61. Ke2 Ra2+ 62. Kd1 Ke3 63. Kc1 Kd3 64. Kb1 Rh2 65. Kc1 Rg2 66. Kb1 Kc3
67. Ka1 Kb3 {White resigns} 0-1

[Event "Team 45 45 League T40"]
[Site "Internet Chess Club"]
[Date "2009.02.14"]
[Round "3"]
[White "ordinaryboy"]
[Black "klt713"]
[Result "0-1"]
[WhiteElo "952"]
[BlackElo "1137"]
[Opening "QGD: Harrwitz attack"]
[ECO "D35"]
[Time "10:04:28"]
[TimeControl "2700+45"]

1. d4 d5 2. c4 e6 3. Nc3 Nf6 4. Bf4 Bd7 5. Nf3 Bb4 6. e3 Ne4 7. Rc1 O-O 8. Bd3
f5 9. O-O Bc6 10. cxd5 exd5 11. Qb3 Kh8 12. Qxb4 Nd7 13. Bb5 a5 14. Qb3 Ndf6 15.
Ng5 Qe7 16. Ncxe4 fxe4 17. Bxc6 bxc6 18. Rxc6 Rab8 19. Qc3 Rbc8 20. Rxc7 Rxc7
21. Bxc7 Rc8 22. Bd6 Rxc3 23. Bxe7 Rc2 24. Rb1 Ng4 25. f3 exf3 26. Nxf3 Nxe3 27.
Ne1 Re2 28. a3 Nc4 29. b4 Rxe7 30. b5 h6 31. b6 Nd6 32. Nd3 Kg8 33. Nc5 Nb7 34.
Na6 Re4 35. Nc5 Re7 36. Rf1 Nd6 37. b7 Nxb7 38. Nxb7 Rxb7 39. Rf5 Rb1+ 40. Kf2
Rb2+ 41. Kg3 Rb3+ 42. Kf4 Rxa3 43. Rxd5 Ra1 44. h4 a4 45. Rd8+ Kf7 46. d5 Rf1+
47. Ke4 Rf6 48. Ke5 Ra6 49. d6 a3 50. d7 a2 51. Kf5 a1=Q 52. Rc8 Qf6+ 53. Kg4
Qe6+ 54. Kh5 Qxd7 55. Rc5 Rf6 56. g4 Rf4 57. g5 Qg4# {White checkmated} 0-1

[Event "Team 45 45 League T40"]
[Site "Internet Chess Club"]
[Date "2009.02.17"]
[Round "3"]
[White "The-Capitalist"]
[Black "mrmarck"]
[Result "0-1"]
[WhiteElo "1155"]
[BlackElo "1169"]
[Opening "Sicilian"]
[ECO "B54"]
[Time "20:00:04"]
[TimeControl "2700+45"]

1. e4 c5 2. Nf3 d6 3. d4 cxd4 4. Nxd4 Nc6 5. Bb5 Bd7 6. Nc3 Nf6 7. O-O e6 8. Bg5
Be7 9. a3 O-O 10. Re1 Re8 11. h3 a6 12. Bxc6 bxc6 13. e5 Nd5 14. Bxe7 Qxe7 15.
exd6 Qxd6 16. Ne4 Qe7 17. c4 Nf6 18. Nxf6+ Qxf6 19. Qd2 Red8 20. Nf3 c5 21. Red1
Ba4 22. Qxd8+ Rxd8 23. Rxd8+ Qxd8 24. Rb1 h6 25. b3 Bxb3 26. Nd2 Qxd2 27. Rxb3
Qd1+ 28. Kh2 Qxb3 {White resigns} 0-1

[Event "Team 45 45 League T40"]
[Site "Internet Chess Club"]
[Date "2009.02.12"]
[Round "3"]
[White "jocooper"]
[Black "lawth3"]
[Result "1-0"]
[WhiteElo "1185"]
[BlackElo "1084"]
[Opening "Queen's pawn game"]
[ECO "A46"]
[Time "21:03:17"]
[TimeControl "2700+45"]

1. d4 Nf6 2. Nf3 e6 3. Nbd2 c5 4. c3 d5 5. e3 b6 6. Bd3 Be7 7. O-O O-O 8. Re1
Bb7 9. e4 Re8 10. e5 Nfd7 11. Bxh7+ Kxh7 12. Qc2+ Kg8 13. Nf1 Qc7 14. Bf4 Nf8
15. Rac1 Ng6 16. Bg5 Bxg5 17. Nxg5 Rc8 18. Qe2 Nf4 19. Qf3 Ng6 20. Qh3 Kf8 21.
Nh7+ Ke7 22. Qg4 Rh8 23. Ng5 Rh4 24. Qf3 f6 25. exf6+ gxf6 26. Rxe6+ Kd8 27.
Qxf6+ Ne7 28. Qf8+ Kd7 29. Rxe7+ Kd6 30. Rxc7+ Kxc7 31. Ne6+ Kc6 32. Nd8+ Kc7
33. Qe7+ Nd7 34. Qxh4 Rxd8 35. Re1 Nb8 36. Re7+ Rd7 37. a4 a5 38. Qf4+ Kc6 39.
Qf6+ Kc7 40. Qe5+ Kc8 41. Re8+ Rd8 42. Rxd8+ Kxd8 43. Qxb8+ Bc8 44. Qxb6+ Kd7
45. Qxc5 Ke6 46. Qf8 Bd7 47. h4 Bxa4 48. h5 Bc2 49. g4 a4 50. g5 Kd7 51. g6 Kc6
52. g7 Kb5 53. Qc8 Bh7 54. g8=R a3 55. Qb7+ Ka4 56. b3+ Ka5 57. Ra8# {Black
checkmated} 1-0